 Seeded DCSS version 0.32-a0-913-g739538afd8 (webtiles) character file.

Game seed: 17073724502869601980 (custom seed)

131425 timneilson the Tortoise (level 16, -2/146 HPs)
             Began as a Minotaur Fighter on Apr 8, 2024.
             Was an Initiate of Gozag.
             Killed by divine providence
             ... invoked by a mad acolyte of Lugonu
              (12 damage)
             ... on level 4 of the Abyss.
             The game lasted 01:06:18 (26455 turns).

timneilson the Tortoise (Minotaur Fighter)         Turns: 26455, Time: 01:06:19

Health: -2/146     AC: 30    Str: 31    XL:     16   Next: 25%
Magic:  12/15      EV: 14    Int:  4    God:    Gozag
Gold:   1537       SH: 15    Dex: 21    Spells: 15/15 levels left

rFire   + . .        a - +2 double sword (flame)
rCold   + + .        c - +1 buckler
rNeg    + + .        B - +1 plate armour {rF+}
rPois   +            h - +3 crown of Dyrovepreva {rElec Int+2 SInv}
rElec   +            N - scarf of Violets {rC+ rF+, Str+4 Stlth+}
rCorr   +            g - +1 pair of gloves "Tukocsy" {rC+}
SInv    +            b - +5 pair of boots of the Trees {Int+2 Slay+3}
Will    +....        G - amulet of Ephemeral Luck {Reflect rPois rF- rN++ Dex+3 Slay+3 SH+5} Stlth
                     m - ring of Ynann {+Blink rCorr Str+6 Int-5}
HPRegen 0.44/turn    K - +4 ring of slaying
MPRegen 0.14/turn

%: reflection
@: gold aura, studying Fighting
A: horns 2, retaliatory headbutt
}: 1/15 runes: abyssal
a: Renounce Religion, Evoke Blink, Potion Petition, Call Merchant, Bribe Branch


You were on level 4 of the Abyss.
You worshipped Gozag.
Gozag was most pleased with you.
You visited 4 branches of the dungeon, and saw 23 of its levels.
You visited the Abyss 1 time.
You also visited: Volcano.

You collected 9281 gold pieces.
You spent 5374 gold pieces at shops.
You paid 2370 gold pieces to Gozag.

Inventory:

Hand Weapons
 a - a +2 double sword of flaming (weapon)
Missiles
 t - 6 throwing nets
 y - 39 poisoned darts (quivered)
 C - 13 javelins
 E - 7 curare-tipped darts
Armour
 b - the +5 pair of boots of the Trees (worn) {Int+2 Slay+3}
   (You bought it in a shop on level 12 of the Dungeon)

   Int+2:     It affects your intelligence (+2).
   Slay+3:    It affects your accuracy & damage with ranged weapons and melee
   (+3).
 c - a +1 buckler (worn)
 g - the +1 pair of gloves "Tukocsy" (worn) {rC+}
   (You bought it in a shop on level 12 of the Dungeon)

   rC+:       It protects you from cold.
 h - the +3 crown of Dyrovepreva (worn) {rElec Int+2 SInv}
   (You bought it in a shop on level 2 of the Orcish Mines)

   Int+2:     It affects your intelligence (+2).
   rElec:     It insulates you from electricity.
   SInv:      It lets you see invisible.
 B - a +1 plate armour of fire resistance (worn)
 N - the scarf of Violets (worn) {rC+ rF+, Str+4 Stlth+}
   (You found it on level 4 of the Lair of Beasts)

   Str+4:     It affects your strength (+4).
   Stlth+:    It makes you more stealthy.
Jewellery
 m - the ring of Ynann (left hand) {+Blink rCorr Str+6 Int-5}
   (You acquired it on level 4 of the Dungeon)

   [ring of strength]

   Str+6:     It affects your strength (+6).
   Int-5:     It affects your intelligence (-5).
   +Blink:    It lets you blink.
   rCorr:     It protects you from acid and corrosion.
 G - the amulet of Ephemeral Luck (around neck) {Reflect rPois rF- rN++ Dex+3 Slay+3 SH+5}
   (You bought it in a shop on level 8 of the Dungeon)

   [amulet of reflection]

   Reflect:   It reflects blocked missile attacks.
   Dex+3:     It affects your dexterity (+3).
   Slay+3:    It affects your accuracy & damage with ranged weapons and melee
   (+3).
   rF-:       It makes you vulnerable to fire.
   rPois:     It protects you from poison.
   rN++:      It greatly protects you from negative energy.
   SH+5:      It affects your SH (+5).
 H - a ring of protection from cold
 I - a ring of protection from fire
 K - a +4 ring of slaying (right hand)
Wands
 n - a wand of roots (22)
 r - a wand of flame (45)
 u - a wand of mindburst (7)
 D - a wand of quicksilver (8)
 L - a wand of digging (8)
Scrolls
 o - 2 scrolls of identify
 p - 3 scrolls of fear
 s - a scroll of vulnerability
 v - 2 scrolls of revelation
 z - 5 scrolls of teleportation
 A - a scroll of summoning
 J - a scroll of blinking
 M - a scroll of enchant armour
 O - 4 scrolls of poison
 S - a scroll of immolation
 T - a scroll of fog
Potions
 d - 3 potions of might
 e - 3 potions of haste
 f - a potion of mutation
 i - 7 potions of curing
 j - 3 potions of berserk rage
 k - 3 potions of ambrosia
 l - a potion of brilliance
 w - 3 potions of attraction
 x - 4 potions of enlightenment
 R - a potion of cancellation
Miscellaneous
 q - a condenser vane (inert)
 P - a lightning rod (4/4)


   Skills:
 + Level 14.1 Fighting
 * Level 16.3 Long Blades
 + Level 9.1 Throwing
 * Level 16.4 Armour
 + Level 10.6 Dodging
 * Level 16.3 Shields
 + Level 8.9 Evocations


You had 15 spell levels left.
You didn't know any spells.
Your spell library contained the following spells:

 Spells                   Type           Power      Damage    Failure   Level
 Sting                    Conj/Alch      0%         1d3       96%         1
 Blink                    Tloc           0%         N/A       99%         2
 Lesser Beckoning         Tloc           0%         N/A       99%         2
 Mercury Vapours          Alch/Air       0%         N/A       99%         2
 Momentum Strike          Conj/Tloc      0%         3d8       99%         2
 Summon Ice Beast         Ice/Summ       0%         N/A       100%        3
 Volatile Blastmotes      Fire/Tloc      0%         2d10      100%        3
 Fulminant Prism          Conj/Alch      0%         3d5       100%        4
 Iskenderun's Mystic Bla Conj/Tloc 0%             2d3        (+2d1     100%        4
 Olgreb's Toxic Radiance  Alch           0%         N/A       100%        4
 Summon Mana Viper        Hex/Summ       0%         N/A       100%        5
 Conjure Ball Lightning   Conj/Air       0%         3x3d6     100%        6
 Monstrous Menagerie      Summ           0%         N/A       100%        7
 Discord                  Hex            0%         N/A       100%        8
 Disjunction              Tloc           0%         N/A       100%        8


Dungeon Overview and Level Annotations

Branches:
Dungeon (15/15)            Temple (1/1) D:5            Lair (5/5) D:9
  Swamp (0/4) Lair:3       Spider (0/4) Lair:2        Slime (0/5) Lair:5
    Orc (2/2) D:12            Elf (0/3) Orc:2        Vaults (0/5) D:14
Volcano (visited)
 Depths: D:15

Altars:
Ashenzari
Cheibriados
Dithmenos
Elyvilon
Fedhas
Gozag
Hepliaklqana
Kikubaaqudgha
Makhleb
Nemelex Xobeh
Okawaru
Qazlal
Ru
Sif Muna
Trog
Uskayaw
Vehumet
Wu Jian
Xom
Yredelemnul
Zin
The Shining One
Jiyva

Shops:
D:8 =   D:12 [[:   Orc:2 *[*[

Portals:
Hell: Lair:5


Innate Abilities, Weirdness & Mutations

You have a pair of horns on your head.
You reflexively headbutt those who attack you in melee.


Message History

The tentacled starspawn is moderately damaged.
You block the tentacled starspawn's attack.
The tentacled starspawn closely misses you.
You slice the tentacled starspawn!! You burn the tentacled starspawn!
Your headbutt misses the tentacled starspawn.
The tentacled starspawn is severely damaged.
You hear a bark! x2
The weeping skull's misery bubbles over.
The wave of grief passes through the tentacled starspawn.
The tentacled starspawn completely resists.
The wave of grief passes through you. You partially resist.
The tentacled starspawn bites you!
* * * LOW HITPOINT WARNING * * *
The tentacled starspawn tentacle-slaps you but does no damage.
You hear a bark!
You slice the tentacled starspawn!! You burn the tentacled starspawn.
You destroy the tentacled starspawn!
The starspawn's tentacles wither and die.
Press: ? - help, v - describe, . - travel A crystal wall, spattered with blood.
Unknown command.
You slice the weeping skull!! You burn the weeping skull.
The weeping skull is almost destroyed.
You slice the weeping skull!! You burn the weeping skull.
You destroy the weeping skull!
A neqoxec and 2 raiju come into view.
The raiju barks! x2
A raiju comes into view.
The raiju pauses to sniff the ground.
There is an open door, spattered with blood here.
You see here 28 gold pieces.
You now have 1537 gold pieces (gained 28).
The neqoxec gestures at you. Something gnaws on your mind!
* * * LOW HITPOINT WARNING * * *
You feel your power leaking away.
The mad acolyte of Lugonu calls down the wrath of Lugonu upon you.
Lugonu smites you!
You die...
Your body crumbles into a pile of gold.

# # . ## .#.# ⌠
# .
#.###########+#
≈#≈#≈##≈#. ##
##+....... ..#⌠
##.#..$..≈≈ ##
# #.##.._.$≈$
.≈# # #
##.#...$$3≈#X#
# .
##@....$$.$$(#
. #≈#≈#≈##≈ ..#
#h###### ## .
.p# #⌠# # ..
..# #.h . #..#
## # # .## .


You could see a mad acolyte of Lugonu (invisible), 2 raiju and a neqoxec.

Vanquished Creatures
  Saint Roka (Orc:2)
  2 tentacled starspawn (Abyss:4)
  Kirke (Lair:5)
  2 occultists (Abyss:4)
  Josephine (D:11)
  Fannar (D:11)
  A rakshasa (D:15)
  4 vault guards (D:14)
  10 hydras
  A catoblepas (Lair:2)
  3 centaur warriors
  A merfolk avatar (Abyss:4)
  8 two-headed ogres
  4 boulder beetles
  A tengu warrior (D:15)
  3 hell hogs (Abyss:4)
  6 death yaks (Lair:5)
  Urug (Orc:2)
  2 thrashing horrors (Abyss:4)
  A demonic crawler (Lair:2)
  A sun demon (Lair:5)
  3 orc high priests (Orc:2)
  3 skysharks (Lair:5)
  A fire crab (Lair:5)
  A skeletal warrior (D:8)
  2 deep elf archers (D:14)
  2 large abominations (Abyss:4)
  2 arcanists
  An obsidian bat (Orc:2)
  7 orc knights
  2 deep elf pyromancers (D:13)
  15 ugly things
  7 orc sorcerers
  3 cyclopes
  6 meliai
  4 manticores
  11 centaur zombies (D:11)
  Joseph (D:8)
  6 black mambas
  A guardian serpent (Abyss:4)
  7 kobold blastminers
  An unseen horror (D:12)
  A gargoyle (D:14)
  A smoke demon (Lair:5)
  3 torpor snails
  10 cane toads
  A kobold demonologist (D:11)
  9 komodo dragons
  A yaktaur (D:14)
  5 rime drakes
  A tengu conjurer (D:15)
  5 ice devils (Lair:5)
  A hornet (D:10)
  2 trolls
  2 polar bears
  A tyrant leech (Lair:3)
  12 blink frogs
  21 dream sheep
  A meliai zombie (D:11)
  5 shadows
  11 slime creatures
  10 wraiths
  4 vampires
  7 wyverns
  7 starcursed masses (Abyss:4)
  71 yaks
  A human (D:14)
  5 wargs
  3 steam dragons
  A basilisk (Lair:3)
  Grum (D:11)
  17 vampire mosquitoes
  3 swamp worms (Lair:3)
  2 acid dragons (D:10)
  10 hell hounds
  14 water moccasins
  21 orc warriors
  A black bear (D:6)
  4 laughing skulls
  2 ogres
  5 centaurs
  2 phantoms
  20 wolves
  A weeping skull (Abyss:4)
  2 kobold brigands
  3 scorpions
  12 bullfrogs
  3 gnoll sergeants
  8 wights
  8 killer bees
  9 howler monkeys
  An electric eel (D:11)
  4 hounds
  23 orc priests
  2 gnoll boudas (D:8)
  2 sleepcaps
  3 iguanas
  A boggart zombie (D:11)
  21 orc wizards
  24 gnolls
  11 adders
  A shadow imp (D:8)
  2 white imps
  2 ufetubi (D:6)
  3 dart slugs
  3 ribbon worms (Lair:2)
  70 orcs
  8 endoplasms
  8 giant cockroaches
  8 hobgoblins
  11 jackals
  4 quokkas
  3 ball pythons
  11 bats
  7 frilled lizards
  6 goblins
  22 kobolds
  5 rats
757 creatures vanquished.

Vanquished Creatures (others)
  A two-headed ogre (Volcano)
  A yak (Lair:2)
  2 humans (Lair:5)
  An orc wizard (D:8)
  7 starspawn tentacles (Abyss:4)
12 creatures vanquished.

Grand Total: 769 creatures vanquished

Notes
Turn   | Place    | Note
-------+----------+-------------------------------------------
     0 | D:1      | timneilson the Minotaur Fighter began the quest for the
                  | Orb.
     0 | D:1      | Reached XP level 1. HP: 19/19 MP: 0/0
   124 | D:1      | Identified a scroll of acquirement
   124 | D:1      | Acquired 1003 gold pieces
   308 | D:1      | Reached XP level 2. HP: 27/27 MP: 1/1
   873 | D:3      | Found a radiant altar of Vehumet.
   914 | D:3      | Found a faded altar of an unknown god.
   933 | D:3      | Reached XP level 3. HP: 33/33 MP: 2/2
   999 | D:4      | Acquired the ring of Ynann {+Blink rCorr Str+6 Int-5}
  1014 | D:5      | Entered Level 5 of the Dungeon
  1024 | D:5      | Found a staircase to the Ecumenical Temple.
  1032 | Temple   | Entered the Ecumenical Temple
  1051 | Temple   | Became a worshipper of Gozag Ym Sagoz the Greedy
  1256 | D:2      | Reached skill level 1 in Dodging
  1615 | D:2      | Reached XP level 4. HP: 27/40 MP: 3/3
  2835 | D:4      | Reached XP level 5. HP: 46/46 MP: 4/4
  3423 | D:4      | Reached skill level 5 in Armour
  3638 | D:5      | Noticed a phantom
  3641 | D:5      | Reached XP level 6. HP: 47/53 MP: 5/5
  3650 | D:4      | Reached skill level 5 in Shields
  3676 | D:4      | Reached skill level 1 in Evocations
  3823 | D:5      | Reached skill level 5 in Long Blades
  3823 | D:5      | Reached XP level 7. HP: 58/60 MP: 6/6
  3902 | D:5      | Reached skill level 5 in Fighting
  4421 | D:6      | Reached XP level 8. HP: 63/68 MP: 7/7
  5484 | D:7      | Found an iron altar of Okawaru.
  5514 | D:7      | Found a shimmering blue altar of Sif Muna.
  5738 | D:7      | Reached skill level 1 in Throwing
  6025 | D:7      | Found a broken altar of Ashenzari.
  6283 | D:7      | Reached XP level 9. HP: 59/75 MP: 8/8
  6901 | D:8      | Noticed Joseph
  6908 | D:8      | Killed Joseph
  7132 | D:8      | Identified the +5 long sword of Fear {distort, rC+}
  7176 | D:8      | Found Idowidgh's Jewellery Emporium.
  7180 | D:8      | Bought the amulet of Ephemeral Luck {Reflect rPois rF- rN++
                  | Dex+3 Slay+3 SH+5} for 826 gold pieces
  7180 | D:8      | Bought a ring of protection from cold for 325 gold pieces
  7180 | D:8      | Bought a ring of protection from fire for 325 gold pieces
  7290 | D:8      | Reached XP level 10. HP: 79/84 MP: 9/9
  7506 | D:8      | Found a bloodstained altar of Trog.
  7508 | D:8      | Found a stormy altar of Qazlal.
  7508 | D:8      | Found an ornate altar of the Wu Jian Council.
  7760 | D:9      | Noticed a skeletal warrior
  7865 | D:9      | Noticed a centaur warrior
  7923 | D:8      | Killed a skeletal warrior
  7924 | D:8      | Reached skill level 5 in Dodging
  8249 | D:9      | Killed a centaur warrior
  8691 | D:9      | Found a staircase to the Lair.
  8884 | D:9      | Noticed a two-headed ogre
  8891 | D:9      | Killed a two-headed ogre
  8908 | D:9      | Found a glowing silver altar of Zin.
  8922 | D:9      | Noticed a two-headed ogre
  8931 | D:9      | Killed a two-headed ogre
  9382 | D:10     | Entered Level 10 of the Dungeon
  9420 | D:10     | Reached skill level 10 in Armour
  9420 | D:10     | Reached skill level 10 in Shields
  9478 | D:10     | Reached XP level 11. HP: 86/92 MP: 10/10
  9859 | D:10     | Reached skill level 10 in Long Blades
 10509 | D:11     | Noticed Josephine
 10648 | D:10     | Reached skill level 5 in Evocations
 10834 | D:11     | Noticed a white ugly thing
 10845 | D:10     | Killed a white ugly thing
 11013 | Lair:1   | Entered Level 1 of the Lair of Beasts
 11289 | Lair:1   | Reached skill level 5 in Throwing
 11603 | D:9      | Reached XP level 12. HP: 48/103 MP: 11/11
 12111 | Lair:2   | Found a hole to the Spider Nest.
 12132 | Lair:2   | Noticed a demonic crawler
 12166 | Lair:2   | Killed a demonic crawler
 12411 | Lair:2   | Noticed a catoblepas
 12463 | Lair:2   | Killed a catoblepas
 14203 | Lair:4   | Identified the maw talisman of the Foremost Coins {Int+3
                  | Dex+3}
 14226 | Lair:4   | Identified the scarf of Violets {rC+ rF+, Str+4 Stlth+}
 14307 | Lair:4   | Noticed a six-headed hydra
 14320 | Lair:4   | Killed a six-headed hydra
 14432 | Lair:4   | Reached XP level 13. HP: 93/111 MP: 12/12
 14756 | Lair:4   | Acquired a manual of Fighting
 15148 | Lair:5   | Entered Level 5 of the Lair of Beasts
 15449 | D:11     | Noticed Fannar
 15465 | D:11     | Killed Fannar
 15477 | D:11     | Reached skill level 10 in Fighting
 15482 | D:11     | Noticed Grum
 15494 | D:11     | Killed Grum
 15642 | D:11     | Killed Josephine
 16514 | D:12     | Identified the scarf of Mischum {rC+ rF+, rN+ Str+4 Dex-2}
 16866 | D:12     | Found a hide-covered altar of Uskayaw.
 17198 | D:12     | Found a staircase to the Orcish Mines.
 17395 | Lair:4   | Reached XP level 14. HP: 38/122 MP: 13/13
 18373 | Lair:5   | Found a viscous altar of Jiyva.
 18373 | Lair:5   | Found a staircase to the Slime Pits.
 18422 | Lair:5   | Noticed Kirke
 18436 | Lair:5   | Killed Kirke
 18883 | Orc:1    | Entered Level 1 of the Orcish Mines
 18892 | Orc:1    | Found a dark tunnel.
 18912 | Volcano  | Entered a volcano
 19786 | Orc:2    | Entered Level 2 of the Orcish Mines
 19788 | Orc:2    | Noticed Urug
 19802 | Orc:2    | Killed Urug
 19936 | Orc:2    | Found a staircase to the Elven Halls.
 21194 | Orc:2    | Reached skill level 15 in Armour
 21194 | Orc:2    | Reached XP level 15. HP: 134/134 MP: 14/14
 21207 | Orc:2    | Found Beberr's Antique Armour Shoppe.
 21241 | Orc:2    | Found Zaraefiat's Assorted Antiques.
 21243 | Orc:2    | Noticed Saint Roka
 21274 | Orc:2    | Killed Saint Roka
 21275 | Orc:2    | Reached skill level 15 in Shields
 21282 | Orc:2    | Found Vyitsich's Assorted Antiques.
 21284 | Orc:2    | Found Qiefism's Armour Shop.
 21365 | Orc:2    | Bought the +3 crown of Dyrovepreva {rElec Int+2 SInv} for
                  | 538 gold pieces
 21365 | Orc:2    | Found the +3 crown of Dyrovepreva {rElec Int+2 SInv}
 21367 | Orc:2    | Bought a condenser vane for 880 gold pieces
 21367 | Orc:2    | Bought an amethyst potion for 19 gold pieces
 21367 | Orc:2    | Bought a scroll of identify for 44 gold pieces
 21367 | Orc:2    | Bought a scroll of revelation for 165 gold pieces
 21552 | D:13     | Reached skill level 15 in Long Blades
 21755 | Lair:3   | Found a staircase to the Swamp.
 22280 | Lair:5   | Found a burning altar of Makhleb.
 22466 | Lair:5   | Found a gateway to Hell.
 23122 | D:12     | Bought a pair of masterwork boots for 351 gold pieces
 23122 | D:12     | Identified the +5 pair of boots of the Trees {Int+2 Slay+3}
                  | (You bought it in a shop on level 12 of the Dungeon)
 23122 | D:12     | Bought a distressingly furry plate armour for 1036 gold
                  | pieces
 23122 | D:12     | Identified the +5 plate armour of Lugonu's Displeasure
                  | {-Cast Harm rF+ rN+} (You bought it in a shop on level 12
                  | of the Dungeon)
 23122 | D:12     | Bought a pair of runed gloves for 277 gold pieces
 23148 | D:12     | Bought a pair of masterwork boots for 294 gold pieces
 23148 | D:12     | Identified the +1 pair of boots "Xutag" {Will+} (You bought
                  | it in a shop on level 12 of the Dungeon)
 23148 | D:12     | Bought a pair of warped gloves for 294 gold pieces
 23148 | D:12     | Identified the +1 pair of gloves "Tukocsy" {rC+} (You
                  | bought it in a shop on level 12 of the Dungeon)
 23265 | D:13     | Reached skill level 10 in Dodging
 23740 | D:13     | Acquired a +1 double sword of protection
 23768 | D:14     | Found a radiant altar of Vehumet.
 25035 | D:14     | Found a gate to the Vaults.
 25134 | D:15     | Entered Level 15 of the Dungeon
 25624 | D:15     | Reached XP level 16. HP: 145/145 MP: 15/15
 26214 | Abyss:2  | Cast into level 2 of the Abyss (an occultist)
 26260 | Abyss:4  | Found a corrupted altar of Lugonu.
 26367 | Abyss:4  | Found a corrupted altar of Lugonu.
 26380 | Abyss:4  | Noticed a tentacled starspawn
 26388 | Abyss:4  | Paralysed by accursed screaming for 1 turns
 26392 | Abyss:4  | Killed a tentacled starspawn
 26419 | Abyss:4  | Paralysed by accursed screaming for 1 turns
 26421 | Abyss:4  | HP: 3/146 [starcursed mass/accursed screaming (9)]
 26421 | Abyss:4  | Paralysed by accursed screaming for 1 turns
 26423 | Abyss:4  | Noticed a tentacled starspawn
 26427 | Abyss:4  | HP: 1/146 [starcursed mass/accursed screaming (6)]
 26439 | Abyss:4  | Got an abyssal rune of Zot
 26451 | Abyss:4  | Killed a tentacled starspawn
 26455 | Abyss:4  | Killed from afar by a mad acolyte of Lugonu

Illustrated notes

Levels and vault maps discovered:
D:1:      lightli_arrival_windingriver, layout_loops_ring
D:2:      layout_basic, dk_noncrumbling_3
D:3:      layout_loops_corners, mainiacjoe_overflow_boulevard,
          shapermc_ecumenical_altar_gd, minmay_misc_feat_alley, st_stairs_8
D:4:      layout_gridville, lemuel_flame_loot_1
D:5:      layout_basic, minmay_temple_entry_stoned_glass
D:6:      layout_basic, grunt_decor_mini_mirrors
D:7:      layout_loops_cross, mainiacjoe_overflow_six_doors_small,
          lemuel_round_altar, lemuel_blue_sif_altar
D:8:      layout_cave_pools, gammafunk_temple_overflow_claw, serial_shops, shop,
          hangedman_abyss_or_decor_passed, fungi_pond_lemuel, uniq_joseph
D:9:      layout_basic, dpeg_oklobed_lair, minmay_ruined_shrine
D:10:     layout_loops_corners
D:11:     layout_long_grid, serial_undead, serial_undead_d, serial_undead_d,
          serial_undead_d, serial_undead_f, serial_undead_e, serial_undead_f,
          serial_undead_f, uniq_josephine, uniq_grum, uniq_fannar
D:12:     layout_irregular_city, orc_0_dummy, eat_drink_and_be_merry_uskayaw
D:13:     layout_long_grid
D:14:     layout_stronghold, grunt_vaults_entry_fortified, vehumet_crystals
D:15:     grunt_enter_depths_magical_seal, layout_stronghold, glass_columns_a
Temple:   nicolae_temple_superstar
Lair:1:   layout_cave_shapes, lemuel_fruit_tree
Lair:2:   layout_misc_corridors, nicolae_spider_entry_non_spiders, minmay_holes
Lair:3:   layout_roguey, palyth_hydra_swamp_entry
Lair:4:   layout_long_grid
Lair:5:   evil_forest, layout_cave_pods, slime_entry_1, uniq_kirke
Orc:1:    layout_caves, enter_volcano_3
Orc:2:    st_orc_elflike, layout_caves, uniq_saint_roka, uniq_urug
Abyss:4:  base: Lair:2, base: D:10, evilmike_abyss_exit_14,
          evilmike_abyss_rune_siren_acolytes, evilmike_abyss_exit_7

Skill      XL: |  1  2  3  4  5  6  7  8  9 10 11 12 13 14 15 16 |
---------------+-------------------------------------------------+-----
Long Blades    | 3 4 5 7 8 9 11 12 13 14 16 | 16.3
Armour         | 4 5 6 7 8 10 11 12 13 15 16 | 16.4
Shields        | 4 5 6 7 8 10 11 12 13 14 16 | 16.3
Dodging        | 1 2 3 4 5 6 7 8 9 10 | 10.6
Fighting       | 4 5 6 7 8 9 10 12 13 14 | 14.1
Evocations     | 1 2 3 4 5 6 7 8 |  8.9
Throwing       | 1 2 4 5 6 7 8 9 |  9.1

Action                     |  1- 3 |  4- 6 |  7- 9 | 10-12 | 13-15 | 16-18 || total
---------------------------+-------+-------+-------+-------+-------+-------++-------
  Melee: Long sword        |    80 |   167 |   331 |   291 |       |       ||   869
         Headbutt          |    10 |    33 |    77 |   141 |   305 |    13 ||   579
         Scimitar          |       |       |       |   255 |   474 |       ||   729
         Demon blade       |       |       |       |       |   428 |       ||   428
         Double sword      |       |       |       |       |   162 |    66 ||   228
  Throw: Javelin           |       |       |       |     1 |    25 |     5 ||    31
         Dart              |       |       |       |       |     2 |       ||     2
 Invoke: Call Merchant     |       |       |       |       |     3 |       ||     3
  Evoke: Wand              |       |       |       |    13 |     3 |       ||    16
         Condenser vane    |       |       |       |       |       |     1 ||     1
    Use: Scroll            |     3 |     6 |     6 |    11 |     8 |       ||    34
         Potion            |       |       |     1 |       |     5 |     4 ||    10
   Stab: Distracted        |       |       |       |     2 |    14 |       ||    16
         Petrified         |       |       |       |     5 |       |       ||     5
         Petrifying        |       |       |       |     1 |       |       ||     1
 Armour: Scale mail        |    48 |    19 |       |       |       |       ||    67
         Chain mail        |       |   111 |   227 |   341 |   255 |       ||   934
         Plate armour      |       |       |       |       |   275 |    36 ||   311
  Dodge: Dodged            |    37 |    61 |   113 |   204 |   349 |    18 ||   782
  Block: Buckler           |    18 |    55 |   108 |   362 |   622 |    39 ||  1204
         Reflection        |       |       |     1 |     8 |    63 |     1 ||    73

Table legend: (Time is in decaauts)
 A = Elapsed time spent in this place.
 B = Non-inter-level travel time spent in this place.
 C = Inter-level travel time spent in this place.
 D = Time resting spent in this place.
 E = Time spent auto-exploring this place.
 F = Levels seen in this place.
 G = Mean time per level.
                   A        B        C        D        E       F      G
               +--------+--------+--------+--------+--------+-----+--------+
         Total |  26247 |  24463 |   1784 |   2883 |  14446 |  27 |  972.1 |
       Dungeon |  16845 |  15621 |   1224 |   2144 |   9265 |  15 | 1123.0 |
        Temple |     38 |     20 |     18 |      0 |      0 |   1 |   38.0 |
          Lair |   6589 |   6108 |    481 |    144 |   4261 |   5 | 1317.8 |
  Orcish Mines |   2357 |   2296 |     61 |    562 |    919 |   2 | 1178.5 |
         Abyss |    225 |    225 |      0 |      0 |      0 |   3 |   75.0 |
       Volcano |    189 |    189 |      0 |     32 |      0 |   1 |  189.0 |
               +--------+--------+--------+--------+--------+-----+--------+

Top non-repeatable levels by time:
  Lair:5: 1952 daAuts
     D:8: 1840 daAuts
    D:10: 1724 daAuts
  Lair:4: 1472 daAuts
    D:14: 1425 daAuts
  Lair:3: 1350 daAuts
     D:9: 1350 daAuts
     D:7: 1274 daAuts
    D:11: 1205 daAuts
   Orc:2: 1205 daAuts
   Orc:1: 1152 daAuts
     D:6: 1127 daAuts
  Lair:2: 1117 daAuts
     D:2: 1010 daAuts
     D:4: 1004 daAuts
